 Dungeon Crawl Stone Soup version 0.27-a0-1334-g2746e35aca (webtiles) character file.

Game seed: 10806549747830779563

321 Delamore the Sneak (level 6, 0/43 HPs)
             Began as an Octopode Brigand on June 26, 2021.
             Slain by a gnoll sergeant (2 damage)
             ... on level 5 of the Dungeon.
             The game lasted 00:03:54 (4052 turns).

Delamore the Sneak (Octopode Brigand)               Turns: 4052, Time: 00:03:54

Health: 0/43       AC:  1    Str: 10    XL:     6   Next: 46%
Magic:  6/6        EV: 13    Int: 13    God:
Gold:   123        SH:  5    Dex: 16    Spells: 5/5 levels left

rFire    . . .     SeeInvis .   a - +2 dagger (venom)
rCold    . . .     Faith    .   (no shield)
rNeg     . . .     Spirit   .   g - +0 hat
rPois    .         Reflect  +   k - amulet of reflection
rElec    .         Harm     .   (no ring)
rCorr    .         Rampage  .   (no ring)
Will     .....                  (no ring)
Stlth    +++++.....             (no ring)
HPRegen  0.14/turn              (no ring)
MPRegen  0.10/turn              (no ring)
                                (no ring)
                                (no ring)

@: no status effects
A: almost no armour, amphibious, 8 rings, camouflage 1, gelatinous body 1,
(nimble swimmer 1), tentacles
a: no special abilities


You were on level 5 of the Dungeon.
You visited 1 branch of the dungeon, and saw 5 of its levels.

You collected 123 gold pieces.

Inventory:

Hand Weapons
 a - a +2 dagger of venom (weapon)
Missiles
 b - 6 poisoned darts (quivered)
 c - 2 curare-tipped darts
 i - 2 throwing nets
Armour
 g - a +0 hat (worn)
Jewellery
 k - an amulet of reflection (around mantle)
Scrolls
 e - a scroll of blinking
 j - a scroll of enchant armour {unknown}
 n - 2 scrolls of magic mapping {unknown}
 o - a scroll of silence {unknown}
Potions
 d - a potion of attraction
 f - a potion of lignification
 h - a potion of curing
 l - a potion of invisibility {unknown}
 p - a potion of degeneration {unknown}


   Skills:
 + Level 3.6 Fighting
 * Level 4.9 Short Blades
 - Level 2.0 Throwing
 - Level 1.0 Dodging
 + Level 6.9 Stealth


You had 5 spell levels left.
You didn't know any spells.
Your spell library contained the following spells:

 Spells                   Type           Power      Damage    Failure   Level
 Beastly Appendage        Tmut           0%         N/A       30%         1
 Corona                   Hex            0%         N/A       30%         1
 Ensorcelled Hibernation  Hex/Ice        0%         N/A       43%         2
 Wereblood                Tmut           0%         N/A       43%         2
 Confusing Touch          Hex            0%         N/A       67%         3
 Dazzling Flash           Conj/Hex       0%         N/A       67%         3
 Spider Form              Tmut/Pois      0%         N/A       67%         3
 Tukima's Dance           Hex            0%         N/A       67%         3
 Ice Form                 Ice/Tmut       0%         N/A       97%         4


Dungeon Overview and Level Annotations

Branches:
Dungeon (5/15)
 Temple: D:4-7

Altars:
Cheibriados
Fedhas
Ru
Zin

Shops:
D:4 [


Innate Abilities, Weirdness & Mutations

You cannot wear most types of armour.
You are amphibious.
You can wear up to eight rings at the same time.
Your skin changes colour to match your surroundings (Stealth+).
Your rubbery body absorbs attacks. (AC +1, EV +1)
((You are camouflaged near water. (Stealth+)))
You have tentacles for arms and can constrict up to eight enemies at once.


Message History

The gnoll sergeant looks as sick as possible!
You grab the gnoll sergeant.
The gnoll sergeant is lightly wounded.
You constrict the gnoll sergeant, but do no damage.
You block the gnoll sergeant's attack. You block the gnoll's attack.
You hit the gnoll. You grab the gnoll. You squeeze the gnoll!
The gnoll is almost dead.
You constrict the gnoll sergeant, but do no damage.
You constrict the gnoll.
You kill the gnoll!
The gnoll barely misses you. You block the gnoll sergeant's attack.
You release your grip on the gnoll sergeant.
The gnoll hits you with a +0 spear. You block the gnoll sergeant's attack.
You see here a +0 flail.
You hit the gnoll.
The gnoll is poisoned.
You grab the gnoll.
You squeeze the gnoll, but do no damage.
The gnoll is lightly wounded.
You constrict the gnoll, but do no damage.
You block the gnoll's attack.
You hit the gnoll. You squeeze the gnoll.
The gnoll is severely wounded.
You constrict the gnoll, but do no damage.
The gnoll sergeant hits you with a +0 spear of freezing!
The gnoll sergeant freezes you.
You barely miss the gnoll sergeant. You grab the gnoll sergeant.
You squeeze the gnoll sergeant, but do no damage.
The gnoll sergeant is heavily wounded.
You constrict the gnoll sergeant, but do no damage.
You constrict the gnoll. The gnoll hits you with a +0 spear.
The gnoll sergeant hits you with a +0 spear of freezing!
The gnoll sergeant freezes you.
You release your grip on the gnoll sergeant.
You release your grip on the gnoll.
The gnoll hits you from afar with a +0 spear.
* * * LOW HITPOINT WARNING * * *
The gnoll sergeant closely misses you.
The gnoll sergeant hits you from afar with a +0 spear of freezing!
* * * LOW HITPOINT WARNING * * *
The gnoll sergeant freezes you.
You die...

#### #(.###+##
#.......#
+..@....+
#<.##...# #gg#
..# #s.# ##
.'...<....
...#........
#....#..##....
#... #..# ####
#... #(..


You could see a gnoll sergeant (very poisoned), a scorpion and a gnoll (very
poisoned).

Vanquished Creatures
  2 hounds (D:4)
  3 iguanas (D:4)
  2 adders
  7 gnolls
  An adder skeleton (D:4)
  3 worms
  2 dart slugs
  5 orcs
  2 endoplasms
  5 giant cockroaches
  4 goblins
  7 hobgoblins
  11 jackals (D:3)
  5 quokkas
  7 ball pythons
  5 bats
  A frilled lizard (D:3)
  6 kobolds
  7 rats
85 creatures vanquished.

Notes
Turn   | Place    | Note
-------+----------+-------------------------------------------
     0 | D:1      | Delamore the Octopode Brigand began the quest for the Orb.
     0 | D:1      | Reached XP level 1. HP: 14/14 MP: 1/1
    61 | D:1      | Reached XP level 2. HP: 12/19 MP: 2/2
   722 | D:1      | Reached XP level 3. HP: 25/25 MP: 3/3
  1514 | D:3      | Reached XP level 4. HP: 18/30 MP: 4/4
  2370 | D:3      | Reached skill level 6 in Stealth
  2691 | D:4      | Reached XP level 5. HP: 31/36 MP: 5/5
  3132 | D:4      | Found Ameshra's Armour Shoppe.
  3324 | D:4      | Reached XP level 6. HP: 29/42 MP: 6/6
  3521 | D:4      | Found a glowing silver altar of Zin.
  3570 | D:4      | Found a sacrificial altar of Ru.
  3725 | D:4      | Found a snail-covered altar of Cheibriados.
  3744 | D:4      | Found a blossoming altar of Fedhas.
  3784 | D:5      | Entered Level 5 of the Dungeon
  4052 | D:5      | HP: 2/43 [gnoll sergeant (10)]
  4052 | D:5      | Slain by a gnoll sergeant

Illustrated notes

Levels and vault maps discovered:
D:1:      elethiomel_arrival_quiet, layout_loops_cross, kennysheep_small_spiral
D:2:      layout_basic, eino_tiny_chamber
D:3:      layout_basic, minmay_misc_feat_ornament
D:4:      layout_gridville, kennysheep_mini, lemuel_tele_altar,
          general_overflow_altar, lemuel_coloured_pillars_altar, serial_shops,
          nicolae_take_the_stairs
D:5:      layout_gridville, gammafunk_temple_overflow_elements,
          minmay_temple_entry_drinking_statues, nicolae_ossuary_entry_plus,
          kennysheep_decorative_pillar

Skill      XL: |  1  2  3  4  5 |
---------------+----------------+-----
Short Blades   | 3 4 |  4.9
Stealth        | 6 |  6.9
Fighting       | 3 |  3.6
Throwing       | |  2.0
Dodging        | |  1.0

Action                   |  1- 3 |  4- 6 || total
-------------------------+-------+-------++-------
Melee: Dagger            |    73 |   104 ||   177
       Tentacles         |     7 |    23 ||    30
       Constrict         |    14 |    27 ||    41
Throw: Dart              |     2 |    22 ||    24
  Use: Scroll            |     1 |     6 ||     7
 Stab: Sleeping          |    16 |     9 ||    25
Armor: Skin              |     2 |     6 ||     8
Dodge: Dodged            |    40 |    44 ||    84
Block: Other             |       |    12 ||    12

Table legend: (Time is in decaauts)
 A = Elapsed time spent in this place.
 B = Non-inter-level travel time spent in this place.
 C = Inter-level travel time spent in this place.
 D = Time resting spent in this place.
 E = Time spent auto-exploring this place.
 F = Levels seen in this place.
 G = Mean time per level.
                   A        B        C        D        E       F      G
               +--------+--------+--------+--------+--------+-----+--------+
         Total |   4018 |   3876 |    142 |    860 |   2422 |   5 |  803.6 |
       Dungeon |   4018 |   3876 |    142 |    860 |   2422 |   5 |  803.6 |
               +--------+--------+--------+--------+--------+-----+--------+

Top non-repeatable levels by time:
     D:4: 1332 daAuts
     D:3: 1145 daAuts
     D:1: 926 daAuts
     D:2: 588 daAuts
     D:5: 26 daAuts
